Map: [ESL] Gresvan

Players

ShaDoWn

  • Race: Protoss Protoss
  • Spawn Location: 5:00

Serral - Winner!

  • Race: Zerg Zerg
  • Spawn Location: 11:00

Event: HomeStory Cup XXIII

VOD

Have the link to the VOD?

Description

Time

  • Played on: July 1, 2023, 12:12 p.m.
  • Length: 17:58

All games in this series

Show
View Real Time Build Order
Export as new Build Order

ShaDoWn Protoss 

Build Orders: 1 Gate Expand, Oracle Opening, Carriers, Zealot Archon 

Get SALT Encoding   

  12  0:00  Probe  
  13  0:12  Probe  
  14  0:20  Pylon  
  14  0:24  Probe  
  15  0:32  Assimilator  
  15  0:38  Probe (Chrono Boost)  
  16  0:43  Gateway  
  17  0:50  Probe (Chrono Boost)  
  17  0:55  Probe (Chrono Boost)  
  18  1:05  Probe  
  19  1:17  Probe  
  20  1:24  Nexus  
  20  1:33  Cybernetics Core  
  20  1:36  Probe  
  21  1:43  Assimilator  
  21  1:48  Probe  
  21  1:54  Pylon  
  22  2:00  Probe  
  23  2:09  Adept (Chrono Boost), Warp Gate  
  23  2:12  Probe (Chrono Boost)  
  26  2:22  Probe (Chrono Boost)  
  27  2:23  Stargate  
  27  2:27  Probe (Chrono Boost)  
  28  2:32  Stalker  
  30  2:37  Probe (Chrono Boost)  
  32  2:45  Probe (Chrono Boost)  
  32  2:46  Probe (Chrono Boost)  
  33  2:51  Probe (Chrono Boost)  
  33  2:52  Probe (Chrono Boost)  
  35  3:03  Probe  
  35  3:04  Probe, Oracle (Chrono Boost)  
  37  3:07  Gateway  
  40  3:14  Pylon  
  40  3:15  Probe  
  40  3:16  Probe  
  42  3:27  Probe  
  42  3:28  Probe  
  42  3:31  Oracle (Chrono Boost)  
  47  3:39  Probe  
  47  3:40  Probe  
  49  3:49  Nexus  
  49  3:51  Pylon  
  49  3:52  Probe  
  49  3:53  Probe  
  49  3:55  Assimilator  
  51  4:00  Assimilator  
  51  4:01  Oracle  
  54  4:09  Probe x2  
  56  4:13  Pylon  
  56  4:21  Probe x2  
  58  4:25  Pylon  
  58  4:26  Shield Battery  
  58  4:34  Probe x2  
  58  4:36  Stalker x2  
  64  4:39  Twilight Council  
  64  4:46  Probe (Chrono Boost)  
  64  4:47  Probe (Chrono Boost), Forge  
  66  4:57  Probe (Chrono Boost)  
  66  4:58  Probe (Chrono Boost)  
  68  5:05  Probe (Chrono Boost), Stalker x2  
  68  5:06  Probe (Chrono Boost)  
  75  5:07  Probe (Chrono Boost)  
  75  5:12  Probe (Chrono Boost)  
  78  5:15  Probe x2 (Chrono Boost)  
  78  5:17  Probe (Chrono Boost)  
  79  5:23  Blink (Chrono Boost)  
  79  5:24  Probe, Protoss Ground Weapons Level 1  
  79  5:25  Probe  
  79  5:28  Stalker x2  
  83  5:29  Probe  
  83  5:35  Assimilator  
  86  5:36  Probe, Assimilator  
  86  5:37  Probe  
  86  5:41  Probe  
  89  5:48  Probe  
  89  5:49  Probe  
  91  5:50  Gateway  
  91  5:53  Probe, Gateway  
  92  5:57  Templar Archives  
  92  5:59  Pylon  
  92  6:00  Probe, Gateway  
  89  6:13  Probe  
  89  6:14  Psionic Storm  
  90  6:20  Stalker x2  
  90  6:24  Gateway  
  90  6:25  Gateway  
  94  6:28  Pylon  
  94  6:33  Probe  
  94  6:34  Nexus  
  94  6:35  Robotics Facility  
  94  6:37  Probe x2  
  97  6:45  Probe  
  98  6:49  Probe  
  98  6:50  Probe  
  98  6:52  High Templar x4  
  108  6:55  Pylon  
  108  6:56  Pylon  
  108  6:57  Probe  
  108  6:58  Shield Battery  
  108  7:00  Photon Cannon  
  109  7:04  Pylon  
  109  7:13  Probe x3  
  109  7:14  High Templar  
  114  7:20  Pylon, Assimilator  
  114  7:22  Assimilator  
  114  7:25  Probe x3  
  114  7:28  Immortal (Chrono Boost)  
  117  7:33  High Templar x2  
  125  7:37  Probe x2  
  125  7:39  Protoss Ground Weapons Level 2 (Chrono Boost)  
  125  7:40  Archon  
  125  7:42  Gateway  
  127  7:45  Gateway x2  
  127  7:48  Gateway  
  127  7:51  High Templar x2, Photon Cannon  
  129  7:52  Zealot  
  129  7:55  Photon Cannon  
  129  7:58  Photon Cannon  
  133  8:01  Photon Cannon  
  133  8:02  Immortal (Chrono Boost)  
  133  8:03  Archon  
  137  8:08  High Templar x2  
  137  8:10  Pylon  
  137  8:12  Pylon  
  141  8:13  Archon  
  141  8:16  Gateway  
  141  8:24  High Templar x2  
  141  8:25  Nexus  
  145  8:29  Pylon  
  145  8:30  Archon  
  145  8:31  Pylon  
  145  8:35  Pylon, Warp Prism (Chrono Boost)  
  147  8:44  Charge (Chrono Boost)  
  147  8:46  High Templar x2  
  151  8:50  Archon  
  151  8:53  Shield Battery  
  151  8:55  Zealot x3, Photon Cannon  
  153  8:57  Gateway, Photon Cannon  
  153  8:58  Zealot x3  
  153  8:59  High Templar x2, Photon Cannon  
  167  9:03  Observer (Chrono Boost)  
  167  9:09  Fleet Beacon  
  168  9:10  Assimilator  
  168  9:14  Assimilator  
  168  9:20  Observer (Chrono Boost)  
  169  9:24  Probe  
  169  9:25  Probe  
  171  9:33  Stargate  
  171  9:34  Probe  
  171  9:36  Stargate  
  172  9:38  Protoss Air Weapons Level 1 (Chrono Boost)  
  172  9:42  Pylon  
  172  9:43  Photon Cannon  
  172  9:51  Stargate  
  172  9:57  Zealot x13  
  196  10:11  Protoss Ground Weapons Level 3 (Chrono Boost)  
  200  10:28  Observer, Carrier x2 (Chrono Boost)  
  178  10:37  Carrier (Chrono Boost)  
  178  10:39  Carrier (Chrono Boost)  
  190  10:42  Mothership  
  190  10:52  Pylon  
  189  11:00  Zealot x5  
  182  11:12  Pylon  
  182  11:15  Pylon  
  182  11:19  Pylon  
  182  11:24  Carrier (Chrono Boost)  
  182  11:25  Nexus  
  186  11:26  Pylon  
  186  11:28  Carrier (Chrono Boost)  
  192  11:35  Zealot x4  
  186  11:48  Observer  
  186  11:52  Carrier (Chrono Boost)  
  186  11:53  Immortal  
  186  11:54  Carrier (Chrono Boost)  
  169  11:57  High Templar  
  169  11:58  High Templar x3, Zealot x4  
  169  12:01  Pylon  
  191  12:02  Archon  
  191  12:03  Archon, Assimilator  
  191  12:14  Protoss Air Weapons Level 2  
  191  12:16  Zealot x2  
  191  12:22  Zealot x2  
  180  12:52  Zealot x5  
  187  13:02  Tempest x3 (Chrono Boost)  
  163  13:07  Zealot  
  148  13:16  Archon  
  120  13:21  Archon  
  120  13:22  High Templar x8  
  112  13:41  Probe x3 (Chrono Boost)  
  116  13:44  Nexus  
  116  13:45  Probe (Chrono Boost)  
  116  13:46  Observer  
  116  13:49  High Templar x2  
  116  13:52  Probe x3 (Chrono Boost)  
  116  13:54  Archon  
  116  13:55  Probe (Chrono Boost)  
  124  14:01  Probe x3 (Chrono Boost)  
  124  14:02  Probe (Chrono Boost)  
  128  14:07  Probe x2  
  128  14:09  Probe  
  131  14:10  Probe  
  131  14:12  High Templar x3  
  131  14:16  Zealot  
  140  14:18  Archon  
  140  14:19  Zealot x4  
  148  14:24  Oracle  
  148  14:27  Probe  
  148  14:29  Probe x2  
  146  14:39  Tempest  
  151  14:45  Zealot  
  151  14:49  Pylon  
  153  14:55  Nexus  
  153  15:05  Tempest  
  153  15:06  Pylon  
  158  15:16  Tempest  
  158  15:17  Protoss Shields Level 1 (Chrono Boost)  
  158  15:24  Probe x2  
  165  15:38  Stalker x2  
  165  15:39  Stalker  
  169  15:45  Probe x3  
  169  15:47  Assimilator  
  169  15:48  Assimilator  
  172  15:52  Tempest  
  177  16:00  Tempest  
  173  16:10  Probe  
  168  16:16  Oracle  
  160  16:27  Shield Battery  
  160  16:30  Probe x3 (Chrono Boost)  
  160  16:32  Probe (Chrono Boost)  
  172  16:41  Probe (Chrono Boost)  
  172  16:45  Nexus  
  172  17:06  Probe  
  172  17:08  Tempest x2  
  173  17:14  Probe  
  172  17:29  Stalker x3  
  159  17:30  Stalker x3  
  135  17:40  Stalker x2  
Show
View Real Time Build Order
Export as new Build Order

Serral Zerg - Winner!

Build Orders: Hatch First, Brood Lord Corruptor, Lurkers, Roach Hydra 

Get SALT Encoding   

  12  0:00  Drone  
  13  0:12  Overlord  
  13  0:19  Drone  
  14  0:30  Drone  
  14  0:31  Drone  
  16  0:48  Hatchery  
  15  0:52  Drone  
  15  0:55  Drone  
  17  0:58  Drone  
  18  1:10  Extractor  
  17  1:14  Spawning Pool  
  17  1:16  Drone  
  17  1:20  Drone  
  18  1:27  Drone  
  19  1:38  Drone  
  20  1:51  Drone  
  21  2:00  Queen x2  
  25  2:01  Zergling x2  
  25  2:02  Overlord  
  26  2:10  Drone x2  
  26  2:13  Metabolic Boost  
  28  2:23  Drone x2  
  30  2:32  Hatchery  
  30  2:36  Drone x2  
  31  2:42  Overlord  
  31  2:49  Queen  
  31  2:50  Drone  
  34  2:54  Drone  
  34  2:55  Drone  
  36  3:02  Queen  
  36  3:04  Overlord  
  38  3:09  Drone x2  
  38  3:11  Drone  
  41  3:13  Drone  
  41  3:15  Drone  
  43  3:23  Drone  
  43  3:25  Queen  
  46  3:29  Drone x2  
  48  3:35  Overlord  
  48  3:40  Queen  
  51  3:41  Drone  
  51  3:43  Drone  
  51  3:44  Drone, Queen  
  51  3:45  Drone  
  51  3:47  Drone  
  57  3:54  Roach Warren  
  56  3:56  Zergling x2  
  56  3:57  Zergling x4  
  56  4:01  Overlord  
  56  4:02  Zergling x2  
  60  4:03  Zergling x2  
  60  4:08  Spore Crawler  
  59  4:11  Zergling x2  
  59  4:12  Zergling x4  
  59  4:15  Overlord  
  62  4:20  Drone x2  
  64  4:25  Drone x3  
  64  4:26  Drone  
  64  4:27  Drone  
  69  4:35  Spore Crawler  
  69  4:36  Drone  
  69  4:38  Drone  
  69  4:39  Drone x3  
  73  4:47  Drone x2  
  73  4:49  Hatchery  
  73  4:50  Overlord x2  
  74  4:56  Lair  
  74  4:59  Extractor  
  74  5:00  Drone  
  74  5:02  Overlord  
  74  5:09  Drone x8, Evolution Chamber  
  74  5:12  Drone  
  82  5:18  Zergling x8  
  82  5:21  Zergling x2  
  85  5:28  Extractor  
  84  5:29  Zergling x4  
  84  5:30  Drone  
  84  5:31  Drone x2  
  84  5:34  Drone  
  90  5:39  Drone x4  
  90  5:40  Hatchery, Overlord  
  92  5:45  Zerg Missile Weapons Level 1  
  92  5:48  Spore Crawler  
  91  5:50  Drone x3, Overlord  
  91  5:54  Overlord x2  
  91  5:56  Zergling x6, Glial Reconstitution  
  97  6:04  Overlord  
  97  6:06  Queen  
  97  6:08  Drone  
  97  6:14  Drone x3  
  97  6:18  Overlord  
  100  6:20  Drone x2  
  100  6:21  Baneling Nest  
  100  6:22  Infestation Pit  
  99  6:27  Drone x4, Overseer  
  99  6:31  Roach x5  
  111  6:35  Drone  
  111  6:36  Extractor, Drone x2  
  111  6:39  Overlord  
  113  6:43  Drone  
  114  6:48  Overlord  
  114  6:51  Drone x2  
  114  6:52  Extractor, Drone  
  114  6:53  Roach x6  
  128  6:57  Extractor  
  128  6:58  Drone x3  
  128  6:59  Hydralisk Den  
  129  7:07  Extractor  
  129  7:08  Extractor, Drone x2  
  127  7:09  Drone x6  
  127  7:10  Hive  
  127  7:14  Drone x6  
  141  7:18  Drone x3  
  144  7:24  Evolution Chamber  
  144  7:25  Overlord  
  144  7:27  Zergling x10  
  148  7:30  Extractor, Spore Crawler, Muscular Augments  
  148  7:32  Lurker Den  
  148  7:35  Zergling x12  
  148  7:36  Pneumatized Carapace  
  151  7:37  Extractor  
  150  7:44  Overlord x3  
  150  7:45  Zerg Missile Weapons Level 2  
  150  7:49  Spore Crawler  
  149  7:53  Hydralisk x4, Zerg Melee Weapons Level 1  
  157  7:59  Zergling x12  
  161  8:06  Hydralisk x3  
  161  8:07  Hydralisk  
  161  8:10  Drone x5  
  174  8:17  Overseer  
  174  8:24  Adrenal Glands  
  174  8:25  Hydralisk x2  
  174  8:26  Hydralisk x2  
  181  8:33  Seismic Spines  
  181  8:34  Lurker x3  
  184  8:36  Zergling x8, Overseer  
  184  8:37  Hatchery  
  184  8:40  Spine Crawler  
  186  8:42  Spine Crawler, Lurker x2  
  186  8:46  Lurker  
  188  8:58  Lurker x3  
  191  9:06  Spire  
  191  9:07  Zergling x8  
  194  9:15  Hydralisk x3  
  189  9:26  Lurker x2  
  189  9:31  Spine Crawler x2  
  190  9:32  Drone x4  
  190  9:33  Spore Crawler x2  
  190  9:34  Spore Crawler  
  190  9:35  Spore Crawler  
  190  9:36  Adaptive Talons  
  189  9:40  Grooved Spines  
  189  9:46  Lurker x3  
  189  9:50  Zerg Melee Weapons Level 2  
  189  9:52  Overlord  
  191  9:55  Overlord  
  187  10:01  Overlord  
  184  10:07  Zergling x4  
  184  10:08  Zergling x4  
  188  10:18  Spine Crawler  
  188  10:19  Spine Crawler  
  188  10:21  Greater Spire  
  186  10:22  Spire, Zergling x14  
  186  10:27  Zerg Ground Armor Level 1  
  192  10:33  Centrifugal Hooks  
  178  10:38  Viper x2  
  178  10:39  Corruptor x4  
  191  10:48  Corruptor x3  
  197  10:50  Spore Crawler  
  197  10:52  Spore Crawler  
  197  10:53  Hatchery  
  194  11:00  Hatchery  
  193  11:05  Corruptor x3  
  193  11:08  Overseer  
  198  11:16  Corruptor  
  198  11:17  Corruptor x3  
  178  11:35  Zergling x2  
  178  11:36  Zergling x16  
  176  11:41  Zergling x2  
  176  11:42  Zergling x26  
  180  12:05  Zerg Flyer Armor Level 1, Zerg Flyer Weapons Level 1  
  180  12:06  Brood Lord x2  
  182  12:10  Brood Lord x6  
  182  12:12  Corruptor  
  170  12:16  Drone x6  
  170  12:17  Spore Crawler x2  
  170  12:18  Zergling x30  
  170  12:19  Spore Crawler x2  
  170  12:21  Spore Crawler  
  170  12:22  Spore Crawler  
  185  12:26  Corruptor x2  
  177  12:49  Corruptor x6  
  172  13:01  Drone x4  
  165  13:11  Drone x3  
  165  13:12  Drone x8  
  172  13:13  Drone x4  
  166  13:26  Corruptor x3  
  162  13:36  Corruptor x3, Overseer  
  168  13:48  Corruptor x2  
  168  13:49  Overseer  
  168  13:54  Drone  
  168  13:55  Drone x2  
  175  14:01  Zerg Flyer Armor Level 2, Zerg Flyer Weapons Level 2  
  175  14:02  Pathogen Glands  
  175  14:03  Burrow  
  175  14:07  Zergling x8  
  178  14:19  Zergling x10  
  183  14:27  Corruptor x2  
  186  14:32  Overseer  
  182  14:40  Brood Lord x2  
  182  14:42  Queen  
  188  14:49  Infestor x3  
  188  14:50  Infestor  
  188  14:51  Overlord  
  188  14:52  Overlord  
  195  14:53  Extractor  
  195  14:54  Extractor, Overlord  
  195  14:57  Overlord  
  195  14:59  Neural Parasite  
  190  15:02  Zergling x16  
  194  15:07  Baneling x6  
  194  15:08  Baneling  
  194  15:09  Baneling x4  
  194  15:13  Zerg Melee Weapons Level 3, Zerg Ground Armor Level 2  
  194  15:19  Drone x2  
  196  15:22  Drone x2  
  196  15:25  Zergling x8  
  199  15:39  Hydralisk  
  199  15:40  Zergling x2  
  199  15:42  Hatchery  
  199  15:45  Spore Crawler  
  199  15:47  Baneling  
  199  15:48  Baneling x4  
  198  15:50  Hydralisk, Spine Crawler  
  198  15:51  Zergling x2  
  200  16:05  Corruptor  
  196  16:28  Hydralisk  
  196  16:29  Lurker  
  196  16:30  Lurker  
  200  16:46  Overseer  
  196  16:51  Spore Crawler x4  
  196  16:53  Lurker  
  193  16:54  Corruptor  
  193  16:55  Corruptor  
  193  16:57  Spore Crawler  
  193  16:58  Spore Crawler x2  
  189  17:21  Infestor x4  
  189  17:22  Extractor, Spine Crawler, Spore Crawler  
  182  17:24  Extractor  
  188  17:40  Zergling x20  
Tags
 
Add a new tag
Caveats
  • Supply blocks, unpowered buildings, or Contaminate may cause inaccurate times.
  • Supply counts are checked every 10 seconds.